 Dungeon Crawl Stone Soup version 0.26-a0-660-gc07710193c (webtiles) character file.

Game seed: 762236655820640439

59 tom967 the Conjurer (level 3, 0/26 HPs)
             Began as a Demigod Conjurer on Oct 8, 2020.
             Succumbed to a hobgoblin's poison
             ... on level 2 of the Dungeon.
             The game lasted 00:06:57 (1374 turns).

tom967 the Conjurer (Demigod Conjurer)              Turns: 1374, Time: 00:06:57

Health: 0/26       AC:  2    Str: 10    XL:     3   Next: 54%
Magic:  9/9        EV: 12    Int: 24    God:
Gold:   72         SH:  0    Dex: 14    Spells: 6/7 levels left

rFire    . . .     SeeInvis .   (no weapon)
rCold    . . .     Faith    .   (no shield)
rNeg     . . .     Spirit   .   a - +0 robe
rPois    .         Reflect  .   (no helmet)
rElec    .         Harm     .   (no cloak)
rCorr    .         Rampage  .   (no gloves)
MR       .....                  (no boots)
Stlth    ++........             (no amulet)
HPRegen  0.08/turn              g - ring of wizardry
MPRegen  0.11/turn              (no ring)

@: lethally poisoned (0 -> -24)
A: high mp 1
a: no special abilities


You were on level 2 of the Dungeon.
You visited 1 branch of the dungeon, and saw 2 of its levels.

You collected 72 gold pieces.

Inventory:

Missiles
 c - 49 stones (quivered)
 d - 18 arrows
 e - 8 bolts
 l - 22 sling bullets
Armour
 a - a +0 robe (worn)
 k - a +0 tower shield
Jewellery
 g - a ring of wizardry (left hand)
Scrolls
 b - a scroll of noise {unknown}
 f - a scroll of remove curse {unknown}
 n - a scroll of identify {unknown}
Potions
 h - a potion of haste {unknown}
 i - a potion of curing {unknown}
 j - a potion of degeneration {unknown}
 m - 2 potions of brilliance {unknown}


   Skills:
 + Level 1.1 Armour
 - Level 1.8 Dodging
 - Level 1.7 Stealth
 * Level 2.5 Spellcasting
 * Level 4.3 Conjurations


You had 6 spell levels left.
You knew the following spells:

 Your Spells              Type           Power        Failure   Level
a - Magic Dart            Conj           ###.         1%          1

Your spell library contained the following spells:

 Spells                   Type           Power        Failure   Level
 Searing Ray              Conj           ###...       1%          2
 Dazzling Flash           Conj/Hex       ##....       6%          3
 Fulminant Prism          Conj/Hex       ##........   19%         4
 Iskenderun's Mystic Bla  Conj/Tloc      ##......     19%         4


Dungeon Overview and Level Annotations

Branches:
Dungeon (2/15)


Innate Abilities, Weirdness & Mutations

You have an increased reservoir of magic. (+10% MP)


Message History

You feel sick.
The hobgoblin throws a poisoned dart.
The poisoned dart closely misses you.
You feel sick.
The hobgoblin throws a poisoned dart.
The poisoned dart hits you!
You are more poisoned.
You feel sick.
You feel sick.
The hobgoblin throws a poisoned dart.
The poisoned dart hits you!
You are more poisoned.
You feel sick.
The hobgoblin throws a poisoned dart.
The poisoned dart closely misses you.
You feel sick.
The hobgoblin throws a poisoned dart.
The poisoned dart barely misses you.
* * * LOW HITPOINT WARNING * * *
You feel very sick.
* * * LOW HITPOINT WARNING * * *
You feel sick.
* * * LOW HITPOINT WARNING * * *
You feel sick.
You die...

#######.# ........#
#######.# #.# # #.#
# #.#
#######.#########
....#.#.........####
......#########.@..#
###.#.# #†g..#
.##.#.#
#######....#####
....#.#
.................
.#.†#.#
##....†......###
.#.)#[#
#...........#
.#..#.#
#...........#
.#..#.#
#...........#
....#.#
#####'#######


You could see a hobgoblin.

Vanquished Creatures
  Jessica (D:2)
  An adder (D:2)
  A dart slug (D:1)
  2 leopard geckos (D:1)
  2 bats
  A giant cockroach (D:1)
  3 goblins (D:1)
  A hobgoblin (D:2)
  6 kobolds
  2 frilled lizards (D:1)
  2 rats (D:1)
22 creatures vanquished.

Notes
Turn   | Place    | Note
-------+----------+-------------------------------------------
     0 | D:1      | tom967 the Demigod Conjurer began the quest for the Orb.
     0 | D:1      | Reached XP level 1. HP: 14/14 MP: 5/5
   455 | D:1      | Reached XP level 2. HP: 20/20 MP: 5/7
   780 | D:1      | Reached skill level 4 in Conjurations
  1192 | D:2      | Noticed Jessica
  1194 | D:2      | Killed Jessica
  1194 | D:2      | Reached skill level 1 in Armour
  1194 | D:2      | Reached XP level 3. HP: 26/26 MP: 6/9
  1373 | D:2      | HP: 1/26 [poisoned by a hobgoblin]
  1374 | D:2      | Succumbed to a hobgoblin's poison

Illustrated notes

Levels and vault maps discovered:
D:1:      dpeg_arrival_castle, layout_basic
D:2:      layout_basic, uniq_jessica, uniq_natasha

Skill      XL: |  1  2 |
---------------+-------+-----
Spellcasting   | 2 |  2.5
Conjurations   | 4 |  4.3
Armour         | 1 |  1.1
Dodging        | |  1.8
Stealth        | |  1.7

Action                   || total
-------------------------++-------
Melee: Unarmed           ||     4
 Cast: Magic Dart        ||    34
Dodge: Dodged            ||    13

Table legend: (Time is in decaauts)
 A = Elapsed time spent in this place.
 B = Non-inter-level travel time spent in this place.
 C = Inter-level travel time spent in this place.
 D = Time resting spent in this place.
 E = Time spent auto-exploring this place.
 F = Levels seen in this place.
 G = Mean time per level.
                   A        B        C        D        E       F      G
               +--------+--------+--------+--------+--------+-----+--------+
         Total |   1378 |   1208 |    170 |    291 |    806 |   2 |  689.0 |
       Dungeon |   1378 |   1208 |    170 |    291 |    806 |   2 |  689.0 |
               +--------+--------+--------+--------+--------+-----+--------+

Top non-repeatable levels by time:
     D:1: 1162 daAuts
     D:2: 215 daAuts
